 Dungeon Crawl Stone Soup version 0.27.1-33-g824d729ab1 (webtiles) character file.

Game seed: 14011504679955062419

31 zeram the Sneak (level 3, 0/24 HPs)
             Began as an Octopode Brigand on Dec 21, 2021.
             Constricted to death by a ball python (1 damage)
             ... on level 2 of the Dungeon.
             The game lasted 00:01:01 (732 turns).

zeram the Sneak (Octopode Brigand)                   Turns: 732, Time: 00:01:02

Health: 0/24       AC:  1    Str: 10    XL:     3   Next: 22%
Magic:  3/3        EV:  9    Int: 14    God:
Gold:   23         SH:  0    Dex: 13    Spells: 2/2 levels left

rFire    . . .     SeeInvis .   a - +3 dagger
rCold    . . .     Faith    .   (no shield)
rNeg     . . .     Spirit   .   (helmet restricted)
rPois    .         Reflect  .   (no amulet)
rElec    .         Harm     .   (no ring)
rCorr    .         Rampage  .   (no ring)
Will     .....                  (no ring)
Stlth    ++++......             (no ring)
HPRegen  0.08/turn              (no ring)
MPRegen  0.08/turn              (no ring)
                                (no ring)
                                (no ring)

@: attractive, constricted
A: almost no armour, amphibious, 8 rings, camouflage 1, gelatinous body 1,
(nimble swimmer 1), tentacles
a: no special abilities


You were on level 2 of the Dungeon.
You visited 1 branch of the dungeon, and saw 2 of its levels.

You collected 23 gold pieces.

Inventory:

Hand Weapons
 a - a +3 dagger (weapon)
Missiles
 b - 21 poisoned darts (quivered)
 c - 2 curare-tipped darts
 d - 6 atropa-tipped darts
Potions
 i - a potion of heal wounds {unknown}


   Skills:
 - Level 2.0 Fighting
 - Level 2.0 Short Blades
 - Level 2.0 Throwing
 - Level 1.0 Dodging
 + Level 6.9 Stealth


You had 2 spell levels left.
You didn't know any spells.
Your spell library was empty.

Dungeon Overview and Level Annotations

Branches:
Dungeon (2/15)

Altars:


Innate Abilities, Weirdness & Mutations

You cannot wear most types of armour.
You are amphibious.
You can wear up to eight rings at the same time.
Your skin changes colour to match your surroundings (Stealth+).
Your rubbery body absorbs attacks. (AC +1, EV +1)
((You are camouflaged near water. (Stealth+)))
You have tentacles for arms and can constrict up to eight enemies at once.


Message History

The adder closely misses you. x2
A goblin comes into view. It is wielding a +0 club.
The goblin shouts!
You hit the adder. Your grab misses the adder.
The adder is moderately wounded.
The adder bites you.
You are poisoned.
The adder poisons you!
The goblin unwields a +0 club.
The goblin wields a +0 hunting sling.
The goblin shoots a stone.
The stone closely misses you.
You barely miss the adder. Your grab misses the adder.
The adder is moderately wounded.
You feel sick. The adder closely misses you.
You miss the adder. Your grab misses the adder.
The adder is moderately wounded.
You feel sick. The adder bites you.
The goblin shoots a stone.
The stone hits you.
You hit the adder. You grab the adder.
You squeeze the adder, but do no damage.
The adder is heavily wounded.
You constrict the adder.
You feel sick. The adder bites you.
You barely miss the adder. You squeeze the adder.
You kill the adder!
You feel sick. The ball python barely misses you. The ball python grabs you.
The ball python constricts you.
The goblin shoots a stone.
The stone hits you.
* * * LOW HITPOINT WARNING * * *
You have reached level 3!
Your experience leads to an increase in your attributes!
Increase (S)trength, (I)ntelligence, or (D)exterity?
You feel clever.
It was a potion of attraction.
You feel attractive to monsters.
You feel sick.
You are no longer poisoned.
The ball python bites you.
* * * LOW HITPOINT WARNING * * *
The ball python constricts you.
The goblin shoots a stone.
The stone hits you.
* * * LOW HITPOINT WARNING * * *
The ball python completely misses you. The ball python constricts you.
You die...

##........# #.#
#........# #.#
#........#
#........####.
.#........#....
............#
............##.
...............
.......@....##.
.......S....# .
............#
.............g.
...........####
.......)....
...........##
#######.....


You could see a goblin and a ball python.

Vanquished Creatures
  An adder (D:2)
  A dart slug (D:1)
  2 ball pythons (D:1)
  An endoplasm (D:1)
  2 giant cockroaches (D:1)
  5 hobgoblins (D:1)
  A quokka (D:1)
  3 bats (D:1)
  2 frilled lizards (D:1)
  A rat (D:1)
19 creatures vanquished.

Notes
Turn   | Place    | Note
-------+----------+-------------------------------------------
     0 | D:1      | zeram the Octopode Brigand began the quest for the Orb.
     0 | D:1      | Reached XP level 1. HP: 14/14 MP: 1/1
    62 | D:1      | Reached skill level 6 in Stealth
    62 | D:1      | Reached XP level 2. HP: 15/19 MP: 2/2
   168 | D:1      | Found a faded altar of an unknown god.
   732 | D:2      | Reached XP level 3. HP: 7/24 MP: 3/3
   732 | D:2      | HP: 1/24 [goblin/stone (3)]
   732 | D:2      | Constricted to death by a ball python

Illustrated notes

Levels and vault maps discovered:
D:1:      dpeg_arrival_rooms_b, layout_basic,
          ebering_ecumenical_altar_abandoned, minmay_close_crescents
D:2:      layout_basic

Skill      XL: |  1 |
---------------+----+-----
Stealth        | 6 |  6.9
Fighting       | |  2.0
Short Blades   | |  2.0
Throwing       | |  2.0
Dodging        | |  1.0

Action                   || total
-------------------------++-------
Melee: Dagger            ||    35
       Constrict         ||     7
       Tentacles         ||     6
  Use: Scroll            ||     4
       Potion            ||     1
 Stab: Sleeping          ||     8
Armor: Skin              ||     3
Dodge: Dodged            ||    17
